 Dungeon Crawl Stone Soup version 0.29.1-15-g9cfb28693d (webtiles) character file.

Game seed: 780404663187324188

858 112233 the Magician (level 7, -5/55 HPs)
             Began as a Mummy Summoner on Feb 23, 2023.
             Killed by divine providence
             ... invoked by an orc priest
              (12 damage)
             ... on level 5 of the Dungeon.
             The game lasted 00:08:51 (6260 turns).

112233 the Magician (Mummy Summoner)                Turns: 6260, Time: 00:08:52

Health: -5/55      AC:  5    Str: 15    XL:     7   Next: 71%
Magic:  4/17       EV: 16    Int: 22    God:
Gold:   243        SH:  0    Dex: 17    Spells: 11/20 levels left

rFire   x . .      SeeInvis .   p - +2 dagger of Guilt {spect, rElec Str+3 Dex+5}
rCold   + . .      Faith    .   (no shield)
rNeg    + + +      Spirit   .   a - +0 robe
rPois   ∞          Reflect  .   (no helmet)
rElec   +          Harm     .   (no cloak)
rCorr   .          Rampage  .   (no gloves)
Will    .....                   q - +2 pair of boots
Stlth   ++........              (no amulet)
HPRegen 0.18/turn               c - +6 ring of intelligence
MPRegen 0.15/turn               h - +4 ring of evasion

@: no status effects
A: cold resistance 1, negative energy resistance 3, torment resistance 2, heat
vulnerability 1, in touch with death 1, no potions
a: no special abilities


You were on level 5 of the Dungeon.
You visited 1 branch of the dungeon, and saw 5 of its levels.
You also visited: Sewer.

You collected 243 gold pieces.

Inventory:

Hand Weapons
 b - a +0 dagger
 g - a +0 war axe of freezing
 k - a +2 hand axe of freezing
 p - the +2 dagger of Guilt (weapon) {spect, rElec Str+3 Dex+5}
   (You found it on level 4 of the Dungeon)

   When its wielder attacks, the weapon's spirit leaps out and strikes again.
   The spirit shares a part of any damage it takes with its wielder.
   Str:       It affects your strength (+3).
   Dex:       It affects your dexterity (+5).
   rElec:     It insulates you from electricity.
Missiles
 f - 5 poisoned darts
 t - 2 atropa-tipped darts
Armour
 a - a +0 robe (worn)
 q - a +2 pair of boots (worn)
Magical Staves
 r - a staff of earth
 s - a staff of death
Jewellery
 c - a +6 ring of intelligence (left hand)
 h - a +4 ring of evasion (right hand)
Scrolls
 d - 4 scrolls of teleportation {unknown}
 e - 7 scrolls of identify {unknown}
 i - a scroll of immolation
 j - a scroll of butterflies
 l - a scroll of amnesia {unknown}
 m - 2 scrolls of blinking {unknown}
 n - a scroll of fear {unknown}
 o - 2 scrolls of vulnerability {unknown}


   Skills:
 + Level 4.8 Fighting
 - Level 1.6 Dodging
 - Level 1.6 Stealth
 + Level 7.1 Spellcasting
 + Level 4.9 Summonings


You had 11 spell levels left.
You knew the following spells:

 Your Spells              Type           Power      Damage    Failure   Level
a - Summon Small Mammal   Summ           100%       N/A       1%          1
b - Call Imp              Summ           29%        N/A       1%          2
c - Call Canine Familiar  Summ           29%        N/A       3%          3
d - Summon Guardian Gole  Hex/Summ       18%        N/A       9%          3

Your spell library contained the following spells:

 Spells                   Type           Power      Damage    Failure   Level
 Ozocubu's Armour         Ice            7%         N/A       24%         3
 Summon Lightning Spire   Summ/Air       18%        N/A       28%         4
 Ozocubu's Refrigeration  Ice            3%         4d8       100%        7


Dungeon Overview and Level Annotations

Branches:
Dungeon (5/15)              Sewer (visited)
 Temple: D:4-7

Altars:
Yredelemnul

Annotations:
D:1 exclusion: downstairs


Innate Abilities, Weirdness & Mutations

You are immune to poison.
Your flesh is cold resistant. (rC+)
You are immune to negative energy. (rN+++)
You are immune to unholy pain and torment.
You are vulnerable to heat. (rF-)
You are in touch with the powers of death.
You do not drink.


Message History

You hit the ogre.
The ogre is almost dead.
Your +2 dagger of Guilt {spect, rElec Str+3 Dex+5} hits the ogre.
The ogre closely misses your +2 dagger of Guilt {spect, rElec Str+3 Dex+5}.
Something hits your crimson imp.
Your crimson imp hits the ogre.
The orc wizard points at you and mumbles some strange words.
The puff of flame hits you! The fire burns you terribly!
* * * LOW HITPOINT WARNING * * *
An orc comes into view.
It is wielding a +0 flail and carrying a wand of digging (4).
Unknown command.
You catch the helpless ogre completely off-guard!
You puncture the ogre!
You kill the ogre!
Something hits your crimson imp.
Your Spellcasting skill increases to level 7!
Unknown command.
You swap places.
Your hound barely misses the adder.
The adder misses your crimson imp.
The orc wizard hits your crimson imp with a +0 dagger.
Your crimson imp hits the orc wizard.
Your hound bites the adder.
You see here a +0 giant club.
Unknown command.
Casting: Call Canine Familiar (dangerous; 3% risk of failure)
Confirm with . or Enter, or press ? or * to list all spells.
Okay, then.
You can't drink.
Unknown command.
As you read the scroll labelled DUPRAXK GYLUIMUAR, it crumbles to dust.
The creatures around you are filled with an inner flame!
It was a scroll of immolation.
The adder misses your crimson imp.
Your hound bites the adder but does no damage.
The orc priest misses you.
Your crimson imp blinks!
Unknown command.
As you read the scroll labelled QUKIR DUSO SYI, it crumbles to dust.
You hear the tinkle of a tiny bell.
It was a scroll of butterflies.
Your hound barely misses the adder.
The adder closely misses you.
The orc priest calls down the wrath of Beogh upon you.
Beogh smites you!
You die...

#.≈.# .≈.# .≈.#
o≈.## #l5.# #.≈.#
.. . #.≈b# >.≈ .≈≈
#oSh## #≈.
....S#####@bb.#
#≈.######...hobbb.#
#≈.......≈≈≈bbbbb.#
≈≈≈≈≈≈≈≈.........#
#..#.#######...#
#...).......###
###.######### #)#
#.#


You could see a black bear (inner flame, ally target), an iguana (inner flame),
an orc priest (inner flame, ally target), an orc wizard (inner flame, ally
target), an adder (inner flame, ally target), an orc (inner flame), a friendly
hound (summoned, inner flame) and a friendly crimson imp (summoned, inner
flame).

Vanquished Creatures
  An ogre (D:5)
  A phantom (D:5)
  An orc wizard (D:3)
  A nameless horror (D:5)
  A white imp (D:4)
  A worm (D:2)
  A dart slug (D:4)
  4 orcs
  An endoplasm (D:4)
  A giant cockroach (D:4)
  2 hobgoblins (D:4)
  A jackal (D:1)
  A quokka (D:3)
  A ball python (D:4)
  A bat (D:3)
  A frilled lizard (D:1)
  A goblin (D:2)
21 creatures vanquished.

Vanquished Creatures (collateral kills)
  Blork the orc (D:5)
  2 scorpions
  2 hounds (D:4)
  An orc wizard (D:5)
  3 gnolls (D:3)
  2 adders
  An ufetubus (D:4)
  2 dart slugs (D:1)
  8 orcs
  5 ball pythons
  6 endoplasms
  3 giant cockroaches
  8 goblins
  3 hobgoblins
  8 jackals
  3 quokkas
  5 bats
  5 frilled lizards
  4 kobolds
  11 rats
83 creatures vanquished.

Vanquished Creatures (others)
  An ice beast (D:5)
  An ogre (D:5)
  2 orc priests (D:5)
4 creatures vanquished.

Grand Total: 108 creatures vanquished

Notes
Turn   | Place    | Note
-------+----------+-------------------------------------------
     0 | D:1      | 112233 the Mummy Summoner began the quest for the Orb.
     0 | D:1      | Reached XP level 1. HP: 13/13 MP: 4/4
   241 | D:1      | Reached skill level 3 in Spellcasting
   922 | D:1      | Reached XP level 2. HP: 19/19 MP: 3/6
   925 | D:1      | Learned a level 2 spell: Call Imp
  2031 | D:1      | Reached skill level 4 in Spellcasting
  2229 | D:1      | Gained mutation: You are in touch with the powers of death.
                  | [Mummy growth]
  2229 | D:1      | Reached XP level 3. HP: 22/25 MP: 5/8
  2294 | D:2      | Reached skill level 1 in Fighting
  2767 | D:2      | Found a faded altar of an unknown god.
  2789 | D:2      | Got Plato's Secrets of Adjuration
  2916 | D:2      | Learned a level 3 spell: Call Canine Familiar
  3395 | D:3      | Reached XP level 4. HP: 22/33 MP: 2/10
  3924 | D:3      | Noticed a scorpion
  3935 | D:3      | Killed a scorpion
  3936 | D:3      | Reached skill level 5 in Spellcasting
  3936 | D:3      | Reached XP level 5. HP: 39/39 MP: 5/12
  4696 | D:4      | Found a glowing drain.
  4710 | Sewer    | Entered a sewer
  4722 | Sewer    | Learned a level 3 spell: Summon Guardian Golem
  4993 | D:4      | Reached XP level 6. HP: 32/47 MP: 1/14
  5213 | D:4      | Identified the +2 dagger of Guilt {spect, rElec Str+3
                  | Dex+5}
  5380 | D:4      | Found a basalt altar of Yredelemnul.
  5778 | D:5      | Entered Level 5 of the Dungeon
  5815 | D:5      | Noticed Blork the orc
  5828 | D:5      | Reached skill level 6 in Spellcasting
  5860 | D:5      | Killed Blork the orc
  5861 | D:5      | Reached XP level 7. HP: 54/54 MP: 6/16
  6258 | D:5      | Reached skill level 7 in Spellcasting
  6260 | D:5      | Killed from afar by an orc priest

Illustrated notes

Levels and vault maps discovered:
D:1:      dpeg_arrival_prison, layout_loops_corners
D:2:      layout_loops_ring, shapermc_ecumenical_altar_rom_forum
D:3:      layout_basic, kennysheep_path_1, minmay_misc_feat_ornament,
          minivault_25
D:4:      minmay_recursive_quarters, layout_cave_pools,
          mainiacjoe_overflow_chevrons, cheibrodos_sewer_entry_drain
D:5:      layout_basic, nicolae_overflow_squiral, serial_bayou_crossing,
          uniq_blork_the_orc

Skill      XL: |  1  2  3  4  5  6  7 |
---------------+----------------------+-----
Spellcasting   | 3 4 5 6 7 |  7.1
Fighting       | 2 3 4 |  4.8
Summonings     | 4 |  4.9
Dodging        | |  1.6
Stealth        | |  1.6

Action                   |  1- 3 |  4- 6 |  7- 9 || total
-------------------------+-------+-------+-------++-------
Melee: Unarmed           |    11 |       |       ||    11
       Dagger            |    32 |    10 |    13 ||    55
       War axe           |       |     2 |       ||     2
       Hand axe          |       |    18 |       ||    18
       Punch             |       |       |     1 ||     1
 Cast: Summon Small Mamm |    60 |    29 |       ||    89
       Call Imp          |    23 |    20 |     4 ||    47
       Call Canine Famil |     1 |    26 |     9 ||    36
       Summon Guardian G |       |     2 |     4 ||     6
  Use: Scroll            |       |       |     2 ||     2
 Stab: Distracted        |       |     1 |     1 ||     2
       Sleeping          |       |     1 |       ||     1
Armor: Robe              |    24 |     7 |     4 ||    35
Dodge: Dodged            |    67 |    55 |    10 ||   132
